 Dungeon Crawl Stone Soup version 0.31.0-9-g3a7656b989 (webtiles) character file.

Game seed: 13595670203136421154

4069 qw the Markself (level 10, -5/57 HPs)
             Began as a Deep Elf Hunter on Feb 2, 2024.
             Slain by Erica
             ... wielding a +4 scimitar of flaming
              (15 damage)
             ... on level 8 of the Dungeon.
             The game lasted 00:00:30 (5985 turns).

qw the Markself (Deep Elf Hunter)                   Turns: 5985, Time: 00:00:31

Health: -5/57      AC:  7    Str: 16    XL:     10   Next: 5%
Magic:  12/12      EV: 12    Int: 15    God:
Gold:   674        SH:  0    Dex: 20    Spells: 9/9 levels left

rFire   + + .        d - +1 triple crossbow "Xefiyfee" {penet, rElec rF+}
rCold   . . .        (shield currently unavailable)
rNeg    . . .        e - +0 ring mail
rPois   .            (no helmet)
rElec   +            (no cloak)
rCorr   .            (no gloves)
SInv    .            i - +1 pair of boots
Will    +....        a - amulet of regeneration
Stlth   +            f - +6 ring of strength
HPRegen 1.09/turn    m - ring of protection from fire
MPRegen 0.13/turn

%: no passive effects
@: about to teleport, hasted and slowed, constricted
A: no striking features
a: no special abilities


You were on level 8 of the Dungeon.
You visited 2 branches of the dungeon, and saw 9 of its levels.
You also visited: Ossuary.

You collected 722 gold pieces.
You spent 48 gold pieces at shops.


   Skills:
 - Level 4.2 Fighting
 + Level 16.3 Ranged Weapons
 - Level 2.1 Armour
 - Level 7.0 Dodging
 - Level 1.2 Stealth


You had 9 spell levels left.
You didn't know any spells.
Your spell library was empty.

Inventory:

Hand Weapons
 d - the +1 triple crossbow "Xefiyfee" (weapon) {penet, rElec rF+}
   (You acquired it on level 2 of the Dungeon)

   rF+:       It protects you from fire.
   rElec:     It insulates you from electricity.
Armour
 e - a +0 ring mail (worn)
 i - a +1 pair of boots (worn)
 n - the +0 robe "Zyixuomm" {*Slow rElec rPois Str+7}
   (You found it on level 6 of the Dungeon)

   Str+7:     It affects your strength (+7).
   rElec:     It insulates you from electricity.
   rPois:     It protects you from poison *Slow: It may slow you when you take
   damage.
Jewellery
 a - an amulet of regeneration (around neck)
 f - a +6 ring of strength (left hand)
 j - a ring of ice
 m - a ring of protection from fire (right hand)
 s - a ring of positive energy
Scrolls
 b - a scroll of enchant weapon
 g - 4 scrolls of teleportation
Potions
 c - 5 potions of curing
 h - a potion of might
 o - 5 potions of heal wounds
 p - a potion of magic {unknown}
 q - a potion of mutation {unknown}
 r - a potion of enlightenment {unknown}
 t - a potion of berserk rage {unknown}

Dungeon Overview and Level Annotations

Branches:
Dungeon (8/15)             Temple (1/1) D:5         Ossuary (visited)
   Lair: D:8-11

Altars:
Ashenzari
Cheibriados
Dithmenos
Fedhas
Hepliaklqana
Kikubaaqudgha
Makhleb
Nemelex Xobeh
Ru
Sif Muna
Uskayaw
Vehumet
Wu Jian
Xom
The Shining One

Shops:
D:2 *

Annotations:
D:5 1 runed translucent door, Crazy Yiuf
D:8 Erica


Message History

You kill the wyvern!
You start resting.
HP restored.
You open the door.
There is an open door here.
Erica the Fiery-Tempered comes into view.
She is wielding a +4 scimitar of flaming.
5976 ||| DRINKING potion of haste.
You feel yourself speed up.
Erica boasts, "Reason would be justified, if not for me!"
You shoot a bolt. The bolt barely misses Erica.
You shoot a bolt. The bolt pierces through Erica!!
Erica is moderately wounded.
You shoot a bolt. The bolt pierces through Erica!
Erica is heavily wounded.
You shoot a bolt. The bolt pierces through Erica!
Erica is heavily wounded.
You shoot a bolt. The bolt pierces through Erica!
Erica is severely wounded.
Erica casts a spell at you. The bolt of poison misses you.
You shoot a bolt. The bolt pierces through Erica.
Erica is severely wounded.
Erica stares at you and mumbles some strange words.
You feel yourself slow down.
Erica hits you with a +4 scimitar of flaming!!
Erica burns you. Erica grabs you. Erica constricts you.
You shoot a bolt. The bolt pierces through Erica!
Erica is almost dead.
Erica hits you with a +4 scimitar of flaming!
Erica constricts you.
You shoot a bolt. The bolt closely misses Erica.
Erica hits you with a +4 scimitar of flaming.
Erica constricts you. Erica casts a spell at you. You resist with some effort.
Erica constricts you.
5985 ||| READING 5 scrolls of teleportation.
As you read the scroll of teleportation, it crumbles to dust.
You feel strangely unstable.
Erica hits you with a +4 scimitar of flaming!
You die...
Erica begins burbling mirthfully and uncontrollably.

## ........
......#
.....#####
........#
#.......#
#.......#
#..x....#
#..@....#
###'#####
#.# #.# ##
#.# #######
#. #.#
####<.....
#. #.#
#.........#
#. #.#
#...##....#
#. #.#
#.._##._..#
#.


You could see Erica.

Vanquished Creatures
  A wyvern (D:8)
  4 vampire mosquitoes (D:7)
  A steam dragon (D:5)
  Menkaure (D:4)
  2 water moccasins
  An orc warrior (D:8)
  3 ice beasts
  5 black bears
  A kobold brigand (D:7)
  3 bullfrogs (D:7)
  2 scorpions
  9 wights
  4 killer bees (D:8)
  3 bombardier beetles
  4 hounds
  2 jellies
  7 orc priests
  3 iguanas
  A sleepcap (D:4)
  5 orc wizards
  8 mummies (Ossuary)
  4 adders
  3 gnolls (D:5)
  4 ufetubi
  8 dart slugs
  26 orcs
  11 ball pythons
  10 endoplasms
  8 giant cockroaches
  A gnoll zombie (Ossuary)
  13 goblins
  9 hobgoblins
  6 jackals
  19 kobolds
  2 quokkas
  11 bats
  4 frilled lizards (D:3)
  3 hobgoblin zombies (Ossuary)
  3 kobold zombies (Ossuary)
  An orc zombie (Ossuary)
  5 rats
221 creatures vanquished.

Notes
Turn   | Place    | Note
-------+----------+-------------------------------------------
     0 | D:1      | qw the Deep Elf Hunter began the quest for the Orb.
     0 | D:1      | Reached XP level 1. HP: 12/12 MP: 3/3
     0 | D:1      | 0 ||| qw: Version: 0.3-a-155-g5e7d8dd
     0 | D:1      | 0 ||| qw: Game counter: 1505
     0 | D:1      | 0 ||| qw: Melee chars always use a shield: true
     0 | D:1      | 0 ||| qw: God list: Okawaru
     0 | D:1      | 0 ||| qw: Allow faded altars: false
     0 | D:1      | 0 ||| qw: Do Orc after clearing Dungeon:15 true
     0 | D:1      | 0 ||| qw: Do second Lair branch before Depths: true
     0 | D:1      | 0 ||| qw: Lair rune preference: random
     0 | D:1      | 0 ||| qw: Goals: Normal
     0 | D:1      | 0 ||| PLANNING D:1-11
   105 | D:1      | Reached skill level 6 in Ranged Weapons
   105 | D:1      | Reached XP level 2. HP: 13/16 MP: 4/4
   574 | D:1      | You fall into a shaft and drop 1 floor!
   645 | D:2      | Reached XP level 3. HP: 20/20 MP: 5/5
   658 | D:2      | 658 ||| UPGRADING to +0 ring mail.
   671 | D:2      | 671 ||| UPGRADING to +0 leather armour.
   676 | D:2      | 676 ||| UPGRADING to +0 ring mail.
   686 | D:2      | 686 ||| DROPPING +0 leather armour.
   733 | D:2      | Found a radiant altar of Vehumet.
   779 | D:2      | 779 ||| READING 3 scrolls labelled YSHRAR FAMPIUR.
   779 | D:2      | 779 ||| IDENTIFYING dark potion
   780 | D:2      | 780 ||| READING 2 scrolls of identify.
   780 | D:2      | 780 ||| IDENTIFYING scroll labelled NAWOORRANW NE YTI
   781 | D:2      | 781 ||| READING scroll of enchant weapon.
   781 | D:2      | 781 ||| ENCHANTING +0 shortbow.
   782 | D:2      | 782 ||| READING scroll of identify.
   782 | D:2      | 782 ||| IDENTIFYING scroll labelled KAGITW KUTHUAG
   783 | D:2      | 783 ||| READING scroll labelled FESOBR PENKEZ.
   784 | D:2      | 784 ||| READING scroll labelled BAPNYJILUM.
   784 | D:2      | Identified a scroll of acquirement
   784 | D:2      | 784 ||| ACQUIRING +1 triple crossbow "Xefiyfee" {penet,
                  | rElec rF+}
   784 | D:2      | Acquired the +1 triple crossbow "Xefiyfee" {penet, rElec
                  | rF+}
   786 | D:2      | 786 ||| SWAPPING to +1 triple crossbow "Xefiyfee" {penet,
                  | rElec rF+}.
   787 | D:2      | 787 ||| DROPPING +1 shortbow.
   788 | D:2      | 788 ||| DROPPING scroll of butterflies.
   825 | D:1      | Reached skill level 7 in Ranged Weapons
  1163 | D:1      | 1163 ||| UPGRADING to amulet of regeneration.
  1376 | D:2      | Found Naupag's General Store.
  1394 | D:2      | 1394 ||| BUYING potion of might (48 gold).
  1394 | D:2      | Bought a potion of might for 48 gold pieces
  1568 | D:2      | Reached XP level 4. HP: 24/25 MP: 6/6
  1784 | D:2      | 1784 ||| UPGRADING to +6 ring of strength.
  1987 | D:3      | Reached skill level 8 in Ranged Weapons
  2011 | D:3      | Reached XP level 5. HP: 29/29 MP: 7/7
  2034 | D:3      | Identified the +10 plate armour of Vanity {Int+5}
  2113 | D:3      | Found a faded altar of an unknown god.
  2285 | D:3      | Reached skill level 9 in Ranged Weapons
  2511 | D:3      | 2511 ||| READING 2 scrolls of identify.
  2511 | D:3      | 2511 ||| IDENTIFYING 2 bubbling coppery potions
  2512 | D:3      | 2512 ||| READING scroll of identify.
  2512 | D:3      | 2512 ||| IDENTIFYING 2 emerald potions
  2513 | D:3      | 2513 ||| READING scroll labelled MOOTE EXASH.
  2514 | D:3      | 2514 ||| DROPPING 2 potions of lignification.
  2515 | D:3      | 2515 ||| DROPPING 2 potions of degeneration.
  2517 | D:3      | 2517 ||| Stepping ~*~*~tactically~*~*~ (cloud).
  2623 | D:4      | Reached skill level 3 in Dodging
  2623 | D:4      | Reached XP level 6. HP: 36/36 MP: 8/8
  2730 | D:4      | 2730 ||| DRINKING 2 fuming amethyst potions.
  2731 | D:4      | 2731 ||| DROPPING potion of brilliance.
  2763 | D:4      | Found a shimmering blue altar of Sif Muna.
  2763 | D:4      | Found an ancient bone altar of Kikubaaqudgha.
  2765 | D:4      | Found a radiant altar of Vehumet.
  2801 | D:4      | Noticed Menkaure
  2803 | D:4      | 2803 ||| FLEEEEING.
  2804 | D:4      | 2804 ||| FLEEEEING.
  2805 | D:4      | 2805 ||| FLEEEEING.
  2806 | D:4      | 2806 ||| FLEEEEING.
  2816 | D:4      | Killed Menkaure
  2817 | D:4      | Reached skill level 10 in Ranged Weapons
  3207 | D:4      | Reached XP level 7. HP: 40/40 MP: 9/9
  3302 | D:4      | 3302 ||| DROPPING ring of wizardry.
  3303 | D:4      | 3303 ||| UPGRADING to ring of protection from fire.
  3304 | D:4      | 3304 ||| READING scroll of identify.
  3304 | D:4      | 3304 ||| IDENTIFYING scroll labelled FICUUN PIMAONO
  3305 | D:4      | 3305 ||| READING scroll labelled ULACEL DUBLU.
  3406 | D:4      | 3406 ||| DROPPING scroll of noise.
  3415 | D:5      | Entered Level 5 of the Dungeon
  3418 | D:5      | 3418 ||| STAIRDANCE
  3422 | D:4      | Reached skill level 11 in Ranged Weapons
  3794 | D:5      | Noticed a +0 dagger
  3794 | D:5      | Noticed a +0 dagger
  3795 | D:5      | Found a hide-covered altar of Uskayaw.
  3817 | D:5      | Reached skill level 12 in Ranged Weapons
  3817 | D:5      | Reached XP level 8. HP: 45/45 MP: 10/10
  3888 | D:5      | Found a staircase to the Ecumenical Temple.
  3889 | D:5      | 3889 ||| PLANNING TEMPLE
  3889 | D:5      | 3889 ||| READING scroll labelled MEEHOGINUC.
  3998 | Temple   | Entered the Ecumenical Temple
  3999 | Temple   | 3999 ||| PLANNING D:1-11
  4201 | D:5      | Found a runed translucent door.
  4202 | D:5      | Noticed Crazy Yiuf
  4372 | D:6      | 4372 ||| STAIRDANCE
  4375 | D:5      | Reached skill level 3 in Fighting
  4554 | D:6      | Identified the +0 robe "Zyixuomm" {*Slow rElec rPois Str+7}
  4584 | D:6      | Reached skill level 13 in Ranged Weapons
  4790 | D:6      | 4790 ||| READING 2 scrolls of identify.
  4790 | D:6      | 4790 ||| IDENTIFYING pink potion
  4791 | D:6      | 4791 ||| READING scroll of identify.
  4791 | D:6      | 4791 ||| IDENTIFYING sapphire potion
  4792 | D:6      | 4792 ||| READING scroll labelled MUYLOI XUETE.
  4793 | D:6      | 4793 ||| DROPPING potion of attraction.
  4799 | D:7      | 4799 ||| PLANNING OSSUARY
  4872 | D:7      | Reached skill level 14 in Ranged Weapons
  4872 | D:7      | Reached XP level 9. HP: 32/51 MP: 11/11
  5034 | D:7      | 5034 ||| RETREEEEATING.
  5050 | D:7      | Reached skill level 15 in Ranged Weapons
  5052 | D:7      | Reached skill level 6 in Dodging
  5148 | D:7      | Found a sand-covered staircase.
  5231 | D:7      | 5231 ||| UPGRADING to +0 pair of boots.
  5236 | D:7      | 5236 ||| DRINKING 2 green potions.
  5247 | Ossuary  | Entered an ossuary
  5389 | Ossuary  | 5389 ||| READING scroll labelled XEHYKI XIAKETT.
  5389 | Ossuary  | 5389 ||| ENCHANTING +0 pair of boots.
  5411 | D:7      | 5411 ||| PLANNING D:1-11
  5705 | D:8      | Reached skill level 16 in Ranged Weapons
  5706 | D:8      | Found a burning altar of Makhleb.
  5748 | D:8      | 5748 ||| RETREEEEATING.
  5749 | D:8      | 5749 ||| RETREEEEATING.
  5873 | D:8      | 5873 ||| RETREEEEATING.
  5884 | D:8      | Reached XP level 10. HP: 57/57 MP: 12/12
  5939 | D:8      | Found a shadowy altar of Dithmenos.
  5941 | D:8      | Found a glowing golden altar of the Shining One.
  5945 | D:8      | Found a broken altar of Ashenzari.
  5947 | D:8      | 5947 ||| READING scroll of identify.
  5947 | D:8      | 5947 ||| IDENTIFYING fizzy grey potion
  5948 | D:8      | 5948 ||| DROPPING potion of invisibility.
  5949 | D:8      | Found a sparkling altar of Nemelex Xobeh.
  5975 | D:8      | Noticed Erica
  5976 | D:8      | 5976 ||| DRINKING potion of haste.
  5984 | D:8      | HP: 14/57 [Erica/+4 scimitar of flaming (6)]
  5985 | D:8      | 5985 ||| READING 5 scrolls of teleportation.
  5985 | D:8      | Slain by Erica

Levels and vault maps discovered:
D:1:      mainiacjoe_arrival_oval_in_oval, layout_basic, minmay_cut_off
D:2:      layout_basic, serial_shops, nicolae_shop_trees, basic_altar,
          minmay_misc_feat_columns, minmay_hexomino_p4
D:3:      minmay_octagon_keep, layout_loops_cross,
          shapermc_ecumenical_altar_mp_highgroup, skrybe_limestone_x
D:4:      minmay_bubble_buster, layout_basic,
          grunt_temple_overflow_magic_moments, minmay_surrounded, uniq_menkaure
D:5:      layout_cave_pools, dancing_weapons_uskayaw,
          minmay_temple_entry_junction, minmay_misc_feat_rugged,
          uniq_crazy_yiuf_cottage
D:6:      layout_rooms
D:7:      layout_basic, nicolae_ossuary_entry_false_entrances,
          hangedman_decor_slide_cut
D:8:      layout_basic, grunt_qazlal_sundering, mainiacjoe_overflow_brackets,
          nicolae_overflow_macrodata_refinement, lightli_church_of_beogh,
          uniq_erica
Temple:   nicolae_temple_superstar

Skill      XL: |  1  2  3  4  5  6  7  8  9 |
---------------+----------------------------+-----
Ranged Weapons | 6 7 8 9 10 12 14 16 | 16.3
Fighting       | 2 3 4 |  4.2
Dodging        | 3 4 5 7 |  7.0
Armour         | 2 |  2.1
Stealth        | |  1.2

Action                     |  1- 3 |  4- 6 |  7- 9 | 10-12 || total
---------------------------+-------+-------+-------+-------++-------
   Fire: Shortbow          |    65 |       |       |       ||    65
         Triple crossbow   |    37 |   118 |   204 |    19 ||   378
    Use: Scroll            |     6 |     3 |     7 |     2 ||    18
         Potion            |       |     1 |     1 |     1 ||     3
 Armour: Leather armour    |     5 |       |       |       ||     5
         Ring mail         |    23 |    57 |    84 |     6 ||   170
  Dodge: Dodged            |    31 |    39 |   129 |     4 ||   203

Table legend:
 A = Non-vault XP
 B = Vault XP
 C = Vault XP percentage of total XP
 D = Non-vault monster count
 E = Vault monster count
 F = Vault count percentage of total count
                 A         B        C        D         E       F
            +---------+---------+-------+---------+---------+-------
      Total |    5204 |     610 |  10.5 |     170 |      51 |  23.1
            +---------+---------+-------+---------+---------+-------
        D:1 |      50 |       2 |   3.8 |      24 |       1 |   4.0
        D:2 |      54 |       6 |  10.0 |      20 |       4 |  16.7
        D:3 |     101 |      82 |  44.8 |      23 |      14 |  37.8
        D:4 |     281 |     361 |  56.2 |      22 |      16 |  42.1
        D:5 |    1038 |       0 |   0.0 |      18 |       0 |   0.0
        D:6 |     597 |       0 |   0.0 |      11 |       0 |   0.0
        D:7 |    1950 |       0 |   0.0 |      34 |       0 |   0.0
        D:8 |    1133 |       0 |   0.0 |      18 |       0 |   0.0
    Ossuary |       0 |     159 | 100.0 |       0 |      16 | 100.0
            +---------+---------+-------+---------+---------+-------
